 Dungeon Crawl Stone Soup version 0.28.0-47-ge53b351184 (webtiles) character file.

Game seed: 4883709134720084560

2272 101zpm the Thaumaturge (level 9, -7/55 HPs)
             Began as a Djinni Fire Elementalist on May 2, 2022.
             Was an Initiate of Makhleb.
             Mangled by a brown ugly thing (9 damage)
             ... on level 8 of the Dungeon.
             The game lasted 00:17:08 (7958 turns).

101zpm the Thaumaturge (Djinni Fire Elementalist)   Turns: 7958, Time: 00:17:10

Health: -7/55      AC: -2    Str:  7    XL:     9   Next: 65%
Gold:   296        EV: 13    Int: 21    God:    Makhleb [......] SH:  0 Dex: 14

rFire   + + .      SeeInvis .   m - +0 quarterstaff (spect)
rCold   x . .      Faith    .   (shield currently unavailable)
rNeg    . . .      Spirit   .   a - +0 robe
rPois   ∞          Reflect  .   (no helmet)
rElec   .          Harm     .   (no cloak)
rCorr   .          Rampage  .   (no gloves)
Will    .....                   (boots unavailable)
Stlth   ++........              (no amulet)
HPRegen 0.18/turn               (no ring)
MPRegen 0.00/turn               (no ring)

@: corroded, flying
A: sickness immunity, fire resistance 2, cold vulnerability 1, float, innate
caster, HP casting, extra vitality 1
a: Renounce Religion


You were on level 8 of the Dungeon.
You worshipped Makhleb.
Makhleb was noncommittal.
You visited 2 branches of the dungeon, and saw 8 of its levels.

You collected 296 gold pieces.

Inventory:

Hand Weapons
 b - a +2 short sword of electrocution
 k - a +2 quarterstaff of speed
 m - a +0 spectral quarterstaff (weapon)
Armour
 a - a +0 robe (worn)
 h - a +0 pair of gloves
Magical Staves
 u - a staff of air
Jewellery
 f - a +6 ring of strength
 n - a ring of protection from cold
Wands
 c - a wand of acid (6)
 s - a wand of polymorph (11)
 t - a wand of paralysis (8)
Scrolls
 g - a scroll of fear {unknown}
 o - a scroll of identify {unknown}
 r - 3 scrolls of teleportation {unknown}
 v - a scroll of brand weapon {unknown}
Potions
 d - 6 potions of heal wounds {unknown}
 e - 2 potions of attraction {unknown}
 i - 3 potions of curing {unknown}
 j - a potion of haste {unknown}
 l - a potion of lignification {unknown}
 p - a potion of mutation {unknown}
 q - a potion of might {unknown}


   Skills:
 + Level 0.1 Fighting
 + Level 3.0 Dodging
 + Level 3.1 Stealth
 + Level 9.4 Spellcasting


You had 4 spell levels left.
You knew the following spells:

 Your Spells              Type           Power      Damage    Failure   Level
a - Foxfire               Conj/Fire      100%       2x1d9     1%          1
b - Scorch                Fire           98%        2d10      1%          2
c - Conjure Flame         Conj/Fire      49%        6-21      1%          3
d - Inner Flame           Hex/Fire       49%        N/A       1%          3
e - Flame Wave            Conj/Fire      49%        2d10      1%          4
f - Slow                  Hex            100%       N/A       1%          1
g - Call Imp              Summ           49%        N/A       1%          2
h - Teleport Other        Tloc           49%        N/A       1%          3
i - Ignite Poison         Fire/Tmut/Pois 49%        N/A       1%          3
Your spell library was empty.

Dungeon Overview and Level Annotations

Branches:
Dungeon (8/15)             Temple (1/1) D:5
   Lair: D:8-11

Altars:
Ashenzari
Cheibriados
Dithmenos
Fedhas
Hepliaklqana
Kikubaaqudgha
Makhleb
Nemelex Xobeh
Okawaru
Qazlal
Ru
Sif Muna
Trog
Uskayaw
Vehumet
Wu Jian
Yredelemnul
Zin

Shops:
D:2 *:*(

Annotations:
D:8 4 runed translucent doors


Innate Abilities, Weirdness & Mutations

You are immune to sickness and miasma.
You are immune to poison.
Your flesh is very heat resistant. (rF++)
You are vulnerable to cold. (rC-)
You float through the air rather than walking.
You learn spells naturally, not from books.
Your magical power is your life essence.
You have superior vitality. (+4 MHP)


Message History

The fiery explosion engulfs you! You resist.
* * * LOW HITPOINT WARNING * * *
The foxfire hits the gnoll!
The gnoll is heavily wounded.
Casting: Foxfire (safe; 1% risk of failure)
Confirm with . or Enter, or press ? or * to list all spells.
Aiming: Inner Flame (safe; 1% risk of failure)
Press: ? - help, Dir - move target, f - gnoll
Aim: a gnoll, wielding a +0 flail (heavily wounded, chance to affect: 96%)
The gnoll is filled with an inner flame.
* * * LOW HITPOINT WARNING * * *
Casting: Foxfire (safe; 1% risk of failure)
Press: ? - help, Q - select action, (/) - cycle Dir - look around, f - activate You conjure some foxfire!
* * * LOW HITPOINT WARNING * * *
Your foxfire dissipates!
The foxfire hits the gnoll but does no damage.
The gnoll is heavily wounded.
Casting: Foxfire (safe; 1% risk of failure)
Press: ? - help, Q - select action, (/) - cycle Dir - look around, f - activate You conjure some foxfire!
* * * LOW HITPOINT WARNING * * *
Your foxfire dissipates!
The foxfire hits the gnoll.
Flame seeps out of the gnoll.
The gnoll is almost dead.
The gnoll is engulfed in blazing flames.
Makhleb accepts your kill.
The gnoll explodes!
There is a stone staircase leading down here.
You can't go up here!
You start resting.
A gnoll is nearby!
You fly downwards.
Level annotation: 4 runed translucent doors The brown ugly thing trunk-slaps you.
* * * LOW HITPOINT WARNING * * *
The acid corrodes you!
You are splashed with acid.
* * * LOW HITPOINT WARNING * * *
The brown ugly thing trunk-slaps you!
You die...

..........#.# #...#8....8#...
..........#.### ##...##8.. ##.#.
..........#...####.....#### #....
...................###)# #)###
..........###.##..## #.# ###...#
..........###.##).# .## #.##.#.
..................# # #.#.##.
..........###.....# #.##.#.
..........# #...@.# #..###.
..........# #....u## ####....#
#################..######..######
.......................
....)...........####.##
.......................
.....<.....##..........
........#####.......... ..#######
#..........


You could see a brown ugly thing.

Vanquished Creatures
  A wraith (D:8)
  A wyvern (D:8)
  A water moccasin (D:4)
  A black bear (D:8)
  3 sky beasts
  An ogre (D:4)
  A centaur (D:8)
  A phantom (D:5)
  2 kobold brigands (D:8)
  A bullfrog (D:8)
  A gnoll sergeant (D:8)
  2 wyvern zombies (D:7)
  2 scorpions (D:5)
  A killer bee (D:8)
  A jelly (D:4)
  2 hounds
  3 orc priests
  Jessica (D:3)
  Natasha (thrice) (D:3)
  A centaur skeleton (D:2)
  A scorpion zombie (D:5)
  2 iguanas (D:5)
  2 orc wizards
  A hound zombie (D:5)
  2 hound skeletons (D:4)
  7 gnolls
  4 adders
  A white imp (D:7)
  An ufetubus (D:4)
  An adder skeleton (D:4)
  2 worms
  2 dart slugs
  9 orcs
  6 bats
  7 endoplasms
  5 giant cockroaches
  6 goblins
  5 hobgoblins
  8 jackals
  8 kobolds
  4 quokkas
  4 ball pythons
  5 frilled lizards
  4 rats
127 creatures vanquished.

Vanquished Creatures (collateral kills)
  8 foxfires
8 creatures vanquished.

Vanquished Creatures (others)
  628 foxfires
  A plant (D:3)
629 creatures vanquished.

Grand Total: 764 creatures vanquished

Notes
Turn   | Place    | Note
-------+----------+-------------------------------------------
     0 | D:1      | 101zpm the Djinni Fire Elementalist began the quest for the
                  | Orb.
     0 | D:1      | Reached XP level 1. HP: 15/15 MP: 0/0
   413 | D:1      | Reached XP level 2. HP: 16/21 MP: 0/0
   987 | D:2      | Reached skill level 3 in Spellcasting
   987 | D:2      | Reached XP level 3. HP: 10/25 MP: 0/0
   987 | D:2      | Learned a level 1 spell: Slow
  1200 | D:2      | Reached XP level 4. HP: 28/31 MP: 0/0
  1534 | D:2      | Found Plog's Assorted Antiques.
  1578 | D:2      | Found Nuytu's Book Emporium.
  2141 | D:2      | Found Poibret's Assorted Antiques.
  2592 | D:2      | Found Fachoratt's Antique Weapon Emporium.
  2854 | D:3      | Noticed Jessica
  2856 | D:3      | Noticed Natasha
  2863 | D:3      | Killed Natasha
  2867 | D:3      | Killed Jessica
  2868 | D:3      | Reached skill level 4 in Spellcasting
  2868 | D:3      | Reached XP level 5. HP: 25/35 MP: 0/0
  2868 | D:3      | Learned a level 2 spell: Call Imp
  2927 | D:3      | Noticed Natasha
  2932 | D:3      | Killed Natasha
  3117 | D:3      | Noticed Natasha
  3119 | D:3      | Killed Natasha
  3121 | D:3      | Reached XP level 6. HP: 19/40 MP: 0/0
  3961 | D:4      | Noticed a water moccasin
  3965 | D:4      | Killed a water moccasin
  3966 | D:4      | Reached skill level 5 in Spellcasting
  4069 | D:4      | Reached XP level 7. HP: 36/45 MP: 0/0
  4069 | D:4      | Learned a level 3 spell: Teleport Other
  5080 | D:4      | Reached skill level 6 in Spellcasting
  5564 | D:5      | Entered Level 5 of the Dungeon
  5597 | D:5      | Reached XP level 8. HP: 26/50 MP: 0/0
  5800 | D:5      | Found a staircase to the Ecumenical Temple.
  5812 | Temple   | Entered the Ecumenical Temple
  6054 | Temple   | Became a worshipper of Makhleb the Destroyer
  6200 | D:5      | Reached skill level 7 in Spellcasting
  6643 | D:5      | You are sucked into a shaft and drop 3 floors!
  6648 | D:8      | Noticed a wyvern
  6651 | D:8      | Killed a wyvern
  6655 | D:8      | Reached skill level 8 in Spellcasting
  6655 | D:8      | Reached XP level 9. HP: 37/55 MP: 0/0
  6655 | D:8      | Learned a level 3 spell: Ignite Poison
  6677 | D:8      | Reached * piety under Makhleb
  7053 | D:8      | Found a large runed translucent door.
  7053 | D:8      | Found a large runed translucent door.
  7059 | D:8      | Noticed a centaur warrior
  7059 | D:8      | Noticed a catoblepas
  7165 | D:8      | Reached skill level 9 in Spellcasting
  7485 | D:8      | Found a large runed translucent door.
  7538 | D:8      | Found a large runed translucent door.
  7595 | D:8      | Noticed a brown ugly thing
  7958 | D:8      | HP: 2/55 [acid (5)]
  7958 | D:8      | Mangled by a brown ugly thing

Illustrated notes

Levels and vault maps discovered:
D:1:      scummos_arrival_checkerplants, layout_basic,
          hellmonk_ecumenical_altar_heavens_door
D:2:      layout_basic, serial_shops, nicolae_shop_advertising_works
          [nicolae_subvault_shop_adworks], shop, shop_fountains,
          nicolae_shop_crystal
D:3:      layout_rooms, cheibrodos_sewer_entry_drain, corexii_shack,
          supply_closet_lemuel, uniq_natasha, uniq_jessica
D:4:      layout_rooms, minivault_4, minmay_distorted
D:5:      layout_rooms, mainiacjoe_overflow_two_lobes,
          minmay_temple_entry_gardened_gates, nicolae_underground_beach
D:7:      layout_basic, serial_shops, nicolae_shop_hallway_plus,
          nzn_ghost_randoct
D:8:      layout_basic, enter_bailey_3, minmay_misc_feat_encased,
          nicolae_shop_dragon_depot, minmay_hollow_rounded_squares
Temple:   hc_temple_tempest_star

Skill      XL: |  1  2  3  4  5  6  7  8  9 |
---------------+----------------------------+-----
Spellcasting   | 3 4 5 6 8 9 |  9.4
Dodging        | 3 |  3.0
Stealth        | 2 3 |  3.1
Fighting       | |  0.1

Action                   |  1- 3 |  4- 6 |  7- 9 || total
-------------------------+-------+-------+-------++-------
 Cast: Foxfire           |    64 |   158 |   166 ||   388
       Scorch            |       |    11 |    22 ||    33
       Inner Flame       |       |     6 |    46 ||    52
       Call Imp          |       |     1 |       ||     1
Armor: Robe              |     2 |     1 |       ||     3
Dodge: Dodged            |    14 |     1 |     4 ||    19
